 Dungeon Crawl Stone Soup version 0.31.0-11-ge490571c62 (webtiles) character file.

Game seed: 16781186642069889954

116 sasquatch the Trooper (level 5, -9/43 HPs)
             Began as a Formicid Fighter on Jan 28, 2024.
             Killed by divine providence
             ... invoked by an orc priest
              (17 damage)
             ... on level 3 of the Dungeon.
             The game lasted 00:02:51 (2046 turns).

sasquatch the Trooper (Formicid Fighter)            Turns: 2046, Time: 00:02:52

Health: -9/43      AC:  6    Str: 22    XL:     5   Next: 20%
Magic:  14/14      EV: 14    Int:  8    God:
Gold:   112        SH:  5    Dex: 13    Spells: 4/4 levels left

rFire   . . .        a - +0 war axe
rCold   . . .        c - +0 buckler
rNeg    . . .        b - +0 scale mail
rPois   .            (helmet unavailable)
rElec   .            (no cloak)
rCorr   .            (no gloves)
SInv    +            (no boots)
Will    .....        (no amulet) Stlth
                     l - +5 ring of evasion
HPRegen 0.27/turn    g - ring of magical power
MPRegen 0.14/turn

%: no passive effects
@: no status effects
A: permanent stasis, dig shafts and tunnels, antennae 3, four strong arms
a: Dig, Shaft Self


You were on level 3 of the Dungeon.
You visited 1 branch of the dungeon, and saw 3 of its levels.

You collected 112 gold pieces.

Inventory:

Hand Weapons
 a - a +0 war axe (weapon)
 q - a +1 heavy halberd
Armour
 b - a +0 scale mail (worn)
 c - a +0 buckler (worn)
 r - a +0 pair of boots
Jewellery
 g - a ring of magical power (right hand)
 l - a +5 ring of evasion (left hand)
Scrolls
 e - 2 scrolls of identify {unknown}
 f - a scroll of blinking {unknown}
 j - a scroll of enchant weapon {unknown}
 k - 2 scrolls of teleportation {unknown}
 m - a scroll of amnesia {unknown}
 n - 2 scrolls of vulnerability {unknown}
 p - a scroll of fear {unknown}
Potions
 d - a potion of might
 h - a potion of resistance {unknown}
 i - 2 potions of magic {unknown}
 o - a potion of brilliance {unknown}


   Skills:
 + Level 4.4 Fighting
 * Level 4.2 Axes
 - Level 3.2 Armour
 - Level 4.0 Shields


You had 4 spell levels left.
You didn't know any spells.
Your spell library contained the following spells:

 Spells                   Type           Power      Damage    Failure   Level
 Magic Dart               Conj           0%         1d3       80%         1
 Call Imp                 Summ           0%         N/A       91%         2
 Ensorcelled Hibernation  Hex/Ice        0%         N/A       91%         2
 Passwall                 Erth           0%         N/A       99%         3
 Blink                    Tloc           Unusable   N/A       N/A         2
 Swiftness                Air            Unusable   N/A       N/A         3

Dungeon Overview and Level Annotations

Branches:
Dungeon (3/15)

Altars:

Shops:
D:1 (   D:3 [


Innate Abilities, Weirdness & Mutations

You cannot be hasted, slowed, berserked, paralysed or teleported.
You can dig through walls and to a lower floor.
You have a pair of large antennae on your head. (SInv)
Your four strong arms can wield two-handed weapons with a shield.


Message History

A bat comes into view.
The phantom hits you but does no damage.
The frilled lizard barely misses you.
An orc wizard comes into view. It is wielding a +0 dagger.
An orc priest comes into view. It is wielding a +0 trident.
The orc priest shouts!
You block the bat's attack.
The orc priest invokes the aid of Beogh against you.
Beogh smites you! The bat attacks as it pursues you!
The bat hits you but does no damage. x2
Unknown command.
The bat attacks as it pursues you! The bat hits you but does no damage.
The bat completely misses you. The bat barely misses you.
You block the bat's attack.
An orc priest comes into view. It is wielding a +0 club.
The orc priest shouts!
You block the bat's attack. x2
The bat misses you.
You see here a +0 pair of boots.
r - a +0 pair of boots The bat hits you but does no damage.
The phantom attacks as it pursues you! The phantom hits you.
The orc wizard casts a spell.
The orc wizard flickers and vanishes for a moment.
You block the bat's attack. The bat hits you but does no damage.
You block the bat's attack.
The orc priest mumbles some strange prayers to Beogh against you.
Beogh smites you! The bat attacks as it pursues you!
The bat hits you but does no damage. You block the bat's attack. x2
The orc priest invokes the aid of Beogh against you.
Beogh smites you!
* * * LOW HITPOINT WARNING * * *
The bat hits you but does no damage. The phantom attacks as it pursues you!
The phantom hits you.
* * * LOW HITPOINT WARNING * * *
You block the bat's attack.
The orc priest invokes the aid of Beogh against you.
Beogh smites you!
You die...

.. #.##.....#..###... #.
#.......o#........ ####.
###......o.#..####..
.....##.........oo..##
..................#..## .
..(.#.....#....#l.....##.
...#...####....#........^##
..>......##.....bW....##...
......##........@.........
....######............#.
##....................#..#
....#....##......รท........#
.........##.....<...>...#..
......##.....#.).......##
......######.....####.##
........................
....##.####.##...........


You could see a phantom, 2 orc priests, an orc wizard (invisible), an orc, a bat
and a frilled lizard.

Vanquished Creatures
  An iguana (D:2)
  A gnoll (D:3)
  3 adders
  A ribbon worm (D:2)
  3 ball pythons
  4 endoplasms
  A giant cockroach (D:1)
  A goblin (D:2)
  4 hobgoblins
  3 jackals (D:1)
  5 quokkas
  3 bats
  8 frilled lizards
  8 kobolds
  9 rats
55 creatures vanquished.

Notes
Turn   | Place    | Note
-------+----------+-------------------------------------------
     0 | D:1      | sasquatch the Formicid Fighter began the quest for the Orb.
     0 | D:1      | Reached XP level 1. HP: 18/18 MP: 1/1
   103 | D:1      | Found a faded altar of an unknown god.
   163 | D:1      | Found Eqaorota's Weapon Emporium.
   178 | D:1      | Reached XP level 2. HP: 22/24 MP: 2/2
   547 | D:1      | Reached XP level 3. HP: 30/30 MP: 3/3
  1095 | D:2      | Reached XP level 4. HP: 32/37 MP: 4/4
  1748 | D:3      | Found Kuleos's Antique Armour Shop.
  1757 | D:3      | Reached XP level 5. HP: 41/42 MP: 5/5
  2020 | D:3      | Noticed a phantom
  2046 | D:3      | Killed from afar by an orc priest

Illustrated notes

Levels and vault maps discovered:
D:1:      ncdulo_smallfort, layout_basic, shapermc_ecumenical_altar_flowoftime,
          serial_shops, nicolae_shop_tiny_waterfront,
          nicolae_houndstooth_variations
D:2:      layout_loops_ring, chequers_mini_garden, grunt_ministairs_5
D:3:      layout_rooms, nicolae_dithmenos_through_a_glass_darkly, serial_shops,
          shop, minivault_4, hex_large

Skill      XL: |  1  2  3  4 |
---------------+-------------+-----
Axes           | 3 4 |  4.2
Fighting       | 4 |  4.4
Armour         | |  3.2
Shields        | |  4.0

Action                     |  1- 3 |  4- 6 || total
---------------------------+-------+-------++-------
  Melee: War axe           |    74 |    72 ||   146
    Use: Potion            |       |     1 ||     1
 Armour: Scale mail        |    54 |    50 ||   104
  Dodge: Dodged            |    29 |    48 ||    77
  Block: Buckler           |    17 |    37 ||    54
